Map: [TLMC22] Rainfall

Players

Jumy (ForJumy) - Winner!

  • Race: Protoss Protoss
  • League: Master
  • Spawn Location: 11:00

HolyHit

  • Race: Protoss Protoss
  • League: Grandmaster
  • Spawn Location: 5:00

Event: HomeStory Cup XXIX

VOD

Have the link to the VOD?

Description

Time

  • Played on: July 3, 2026, 10 a.m.
  • Length: 10:04

All games in this series

Show
View Real Time Build Order
Export as new Build Order

Jumy Protoss - Winner!

Build Orders:  

Get SALT Encoding   

  8  0:00  Probe (Chrono Boost)  
  9  0:12  Probe (Chrono Boost)  
  10  0:20  Probe (Chrono Boost)  
  11  0:26  Probe  
  12  0:33  Pylon  
  12  0:38  Probe  
  13  0:51  Probe  
  13  0:54  Gateway  
  14  1:03  Probe (Chrono Boost)  
  15  1:13  Assimilator, Probe (Chrono Boost)  
  16  1:18  Probe (Chrono Boost)  
  16  1:25  Gateway  
  17  1:29  Probe  
  18  1:42  Probe, Cybernetics Core  
  19  1:52  Pylon  
  19  1:54  Probe  
  20  1:58  Assimilator  
  20  2:06  Probe  
  21  2:18  Probe, Adept  
  21  2:19  Adept  
  21  2:22  Warp Gate  
  26  2:30  Probe  
  27  2:40  Pylon  
  27  2:42  Probe  
  28  2:48  Pylon  
  28  2:54  Probe  
  28  3:06  Stalker, Probe, Sentry  
  33  3:18  Probe  
  32  3:30  Robotics Facility  
  32  3:31  Stalker  
  34  3:35  Stalker  
  34  3:41  Probe  
  35  3:47  Pylon  
  35  3:54  Probe  
  36  4:04  Pylon  
  36  4:05  Stalker x2  
  36  4:08  Probe  
  41  4:20  Immortal (Chrono Boost)  
  45  4:27  Pylon  
  45  4:43  Pylon  
  45  4:45  Probe  
  46  4:53  Immortal  
  50  5:01  Adept x2  
  54  5:12  Twilight Council  
  54  5:19  Pylon  
  54  5:34  Adept x2  
  56  5:38  Observer  
  55  5:48  Gateway, Pylon  
  55  5:55  Blink (Chrono Boost)  
  55  5:57  Warp Prism (Chrono Boost)  
  57  6:32  Immortal  
  61  6:48  Adept x2  
  65  6:55  Pylon  
  65  6:58  Pylon  
  65  7:11  Observer  
  66  7:19  Pylon, Stalker x2  
  70  7:25  Stalker  
  72  7:32  Immortal (Chrono Boost)  
  68  7:55  Observer  
  68  8:07  Probe  
  68  8:08  Stalker x3  
  73  8:22  Probe  
  73  8:26  Nexus  
  74  8:29  Pylon  
  66  8:45  Stalker x3  
  66  8:46  Probe  
  73  8:58  Probe  
  72  9:10  Probe  
  72  9:14  Stalker x3  
  79  9:22  Probe  
  78  9:39  Stalker x3  
  78  9:44  Probe  
Show
View Real Time Build Order
Export as new Build Order

HolyHit Protoss 

Build Orders:  

Get SALT Encoding   

  8  0:00  Probe (Chrono Boost)  
  9  0:12  Probe (Chrono Boost)  
  10  0:20  Probe (Chrono Boost)  
  11  0:26  Probe  
  12  0:32  Pylon  
  12  0:39  Probe  
  13  0:51  Probe  
  13  0:55  Gateway  
  14  1:03  Probe (Chrono Boost)  
  15  1:07  Assimilator  
  15  1:12  Probe (Chrono Boost)  
  15  1:17  Probe (Chrono Boost)  
  16  1:21  Assimilator  
  17  1:29  Probe  
  17  1:32  Gateway  
  18  1:41  Probe  
  18  1:46  Cybernetics Core  
  19  1:53  Probe  
  20  1:58  Pylon  
  20  2:05  Probe  
  21  2:17  Probe  
  22  2:23  Stalker x2  
  27  2:30  Probe  
  27  2:35  Pylon  
  27  2:42  Probe  
  28  2:54  Stalker  
  28  2:55  Stalker  
  32  3:01  Warp Gate (Chrono Boost)  
  32  3:08  Robotics Facility  
  32  3:28  Stalker x2  
  36  3:35  Shield Battery  
  36  3:41  Pylon  
  36  3:50  Gateway  
  36  3:56  Warp Prism (Chrono Boost)  
  38  4:20  Pylon  
  38  4:23  Robotics Bay  
  38  4:25  Observer  
  39  4:46  Stalker x3  
  43  5:07  Disruptor (Chrono Boost)  
  47  5:16  Pylon  
  46  5:22  Stalker x2  
  46  5:29  Probe (Chrono Boost)  
  44  5:41  Probe (Chrono Boost)  
  45  5:50  Probe (Chrono Boost)  
  45  5:55  Probe  
  45  5:56  Disruptor  
  50  6:07  Probe  
  50  6:10  Zealot  
  48  6:22  Shield Battery  
  48  6:28  Probe  
  49  6:38  Observer  
  49  6:46  Stalker  
  50  6:47  Observer  
  50  6:54  Probe (Chrono Boost)  
  51  7:08  Disruptor  
  55  7:14  Probe (Chrono Boost)  
  56  7:25  Stalker  
  50  8:09  Probe  
  51  8:13  Pylon, Stalker  
  53  8:38  Probe  
  53  8:46  Pylon  
  51  8:51  Disruptor  
  51  8:56  Stalker  
  51  8:57  Pylon  
  51  9:12  Stalker x2  
  55  9:20  Stalker  
  51  9:34  Stalker  
Tags
 
Add a new tag
Caveats
  • Supply blocks, unpowered buildings, or Contaminate may cause inaccurate times.
  • Supply counts are checked every 10 seconds.